 Dungeon Crawl Stone Soup version 0.30-a0-916-g98134172ad (webtiles) character file.

Game seed: 17710761752413015906

7234 Derenoc the Grappler (level 10, -1/111 HPs)
             Began as a Troll Monk on July 12, 2022.
             Was an Elder of Wu Jian.
             Killed from afar by Bnni's ghost (35 damage)
             ... with a stone arrow
             ... on level 9 of the Dungeon on Mar 20, 2023.
             The game lasted 00:54:38 (7243 turns).

Derenoc the Grappler (Troll Monk)                   Turns: 7243, Time: 00:54:40

Health: -1/111     AC: 19    Str: 25    XL:     10   Next: 88%
Magic:  9/9        EV:  2    Int: 12    God:    Wu Jian [****..]
Gold:   570        SH:  0    Dex: 12    Spells: 9/9 levels left

rFire   + . .      SeeInvis .      - Unarmed
rCold   + . .      Faith    .    e - orb {light}
rNeg    . . .      Spirit   .    c - +1 gold dragon scales
rPois   +          Reflect  .    (helmet restricted)
rElec   .          Rampage  .    (no cloak)
rCorr   .                        (gloves unavailable)
Will    .....                    (boots unavailable) Stlth
                                 (no amulet)
HPRegen 1.18/turn                d - +6 ring of intelligence
MPRegen 0.11/turn                n - +4 ring of protection

@: glowing
A: large, unfitting armour, claws 3, regeneration 1, shaggy fur 1, tough skin 1
a: Renounce Religion, Wall Jump, Serpent's Lash


You were on level 9 of the Dungeon.
You worshipped Wu Jian.
Wu Jian was greatly pleased with you.
You visited 2 branches of the dungeon, and saw 10 of its levels.
You also visited: Bailey.

You collected 570 gold pieces.

Inventory:

Missiles
 D - 6 throwing nets (quivered)
Armour
 a - a +0 robe
 c - +1 gold dragon scales (worn)
 e - an orb of light (worn)
Jewellery
 d - a +6 ring of intelligence (left claw)
 m - a ring of ice
 n - a +4 ring of protection (right claw)
 w - a +4 ring of evasion
 x - a ring of flight
Wands
 f - a wand of flame (28)
 j - a wand of polymorph (9)
 k - a wand of mindburst (21)
 p - a wand of iceblast (6)
 F - a wand of paralysis (4)
Scrolls
 h - 3 scrolls of fog
 i - a scroll of enchant weapon
 r - a scroll of fear
 s - a scroll of torment
 u - a scroll of magic mapping
 y - 3 scrolls of teleportation
 A - 3 scrolls of identify
Potions
 b - 3 potions of ambrosia
 g - 4 potions of degeneration
 l - a potion of flight
 o - a potion of mutation
 q - a potion of might
 t - a potion of invisibility
 z - a potion of brilliance
 B - a potion of lignification
Miscellaneous
 C - a piece from Xom's chessboard (15/15)


   Skills:
 + Level 10.6 Fighting
 - Level 0.2 Armour
 - Level 2.5 Dodging
 - Level 1.1 Stealth
 - Level 11.9 Unarmed Combat


You had 9 spell levels left.
You didn't know any spells.
Your spell library contained the following spells:

 Spells                   Type           Power      Damage    Failure   Level
 Shock                    Conj/Air       0%         1d3       100%        1
 Slow                     Hex            0%         N/A       100%        1
 Summon Small Mammal      Summ           0%         N/A       100%        1
 Ensorcelled Hibernation  Hex/Ice        0%         N/A       100%        2
 Scorch                   Fire           0%         2d5       100%        2
 Call Canine Familiar     Summ           0%         N/A       100%        3
 Confusing Touch          Hex            0%         N/A       100%        3
 Spider Form              Tmut/Pois      0%         N/A       100%        3
 Summon Guardian Golem    Hex/Summ       0%         N/A       100%        3
 Swiftness                Air            0%         N/A       100%        3
 Vampiric Draining        Necr           0%         2d6       100%        3
 Airstrike                Air            0%         2d(0-16)  100%        4
 Anguish                  Hex/Necr       0%         N/A       100%        4
 Animate Dead             Necr           0%         N/A       100%        4
 Flame Wave               Conj/Fire      0%         2d4       100%        4
 Borgnjor's Vile Clutch   Necr/Erth      0%         N/A       100%        5
 Conjure Ball Lightning   Conj/Air       0%         3x3d6     100%        6
 Death Channel            Necr           0%         N/A       100%        6
 Summon Cactus Giant      Summ           0%         N/A       100%        6
 Enfeeble                 Hex            0%         N/A       100%        7
 Storm Form               Tmut/Air       0%         N/A       100%        7


Dungeon Overview and Level Annotations

Branches:
Dungeon (9/15)             Temple (1/1) D:7          Bailey (visited)
   Lair: D:8-11         Orc: D:9-12

Altars:
Cheibriados
Dithmenos
Elyvilon
Fedhas
Gozag
Hepliaklqana
Kikubaaqudgha
Makhleb
Qazlal
Ru
Sif Muna
Trog
Uskayaw
Vehumet
Wu Jian
Xom
Yredelemnul
Zin
The Shining One

Shops:
D:5 (   D:7 =

Annotations:
D:9 1 transporter, Bnni's ghost, journeyman FoEE


Innate Abilities, Weirdness & Mutations

You are too large for most types of armour.
You have claws for hands.
Your natural rate of healing is unusually fast.
You are covered in fur. (AC +1)
You have tough skin. (AC +1)


Message History

You feel very sick.
The killer bee stings you but does no damage. x2
The killer bee stings you. x2
Bnni's ghost points at you and mumbles some strange words.
The blast of sand hits you but does no damage.
The queen bee stings you.
Aiming: Wall Jump
Press: ? - help, Dir - move target You repeatedly attack Bnni's ghost from above.
You mangle Bnni's ghost!!
Bnni's ghost is moderately damaged.
You mangle Bnni's ghost!!
Bnni's ghost is severely damaged.
You feel yourself speed up.
You feel very sick.
The killer bee rages. x2
Bnni's ghost hits you but does no damage.
The hornet stings you!
Bnni's ghost hits you but does no damage.
The hornet stings you but does no damage.
Bnni's ghost points at you and mumbles some strange words.
The blast of sand hits you but does no damage.
You feel better.
The killer bee stings you but does no damage.
The hornet stings you but does no damage.
The killer bee stings you but does no damage.
Bnni's ghost hits you but does no damage.
The hornet stings you but does no damage.
The queen bee calls on the killer bee to defend it!
The killer bee goes berserk!
Okay, then.
Okay, then.
You claw Bnni's ghost!
Bnni's ghost is almost destroyed.
The killer bee stings you!
The killer bee stings you but does no damage.
The hornet stings you but does no damage.
Bnni's ghost points at you and mumbles some strange words.
The stone arrow hits you!!
You die...

,,*,,,,#..........#..#.........#.
,,*,,,,#..........#............#.
,,***+*#..........#...#+####..##,
,,,,,,....####.......©........###
,,,,,,.,,,*##..#############..#..
,,,,,,,,,,*#..#####..©..#####....
,,,,,,,,,,*#.###y..#†..#.!.###.#'
***********#.##yy#..###..#!.##...
###.###@Wy#...#...###...
#....#####y.#.!#####....
#.#.###...#...#!..###...
*********#.#.##..#..###..#.y##...
,,,,,,,,,#.#.###...#...#.#.#*#...
,,,,,,,,,#....#####$yy:?#####....
,,,,,,,,,#.....#############.....
,,,,,,,,,#...#.......©...........
,,,,,,,,,#..##....##'.######.....


You could see a queen bee, a hornet, 3 killer bees and Bnni's ghost.

Vanquished Creatures
  Grinder (D:3)
  A vampire (D:9)
  A wyvern (D:9)
  8 yaks
  A steam dragon (D:7)
  2 water moccasins
  An acid dragon (D:9)
  Duvessa (D:6)
  A sky beast (D:8)
  An ice beast (D:5)
  3 orc warriors
  3 ogres
  5 wolves (Bailey)
  4 centaurs
  4 kobold brigands
  Blork the orc (D:6)
  3 necrophages (D:6)
  2 bullfrogs
  8 gnoll sergeants (Bailey)
  5 scorpions
  5 wights (D:8)
  Dowan (D:6)
  4 killer bees
  2 electric eels (D:8)
  4 crimson imps (D:5)
  6 hounds
  4 orc priests
  2 jellies
  7 gnoll boudas
  2 iguanas
  12 orc wizards
  2 centaur simulacra (D:8)
  Robin (D:2)
  8 adders
  28 gnolls
  A shadow imp (D:3)
  2 white imps
  2 ufetubi
  3 worms
  2 dart slugs
  34 orcs
  7 ball pythons
  4 bats
  5 endoplasms
  3 giant cockroaches
  17 goblins
  8 hobgoblins
  17 jackals
  3 quokkas
  2 frilled lizards
  27 kobolds
  5 rats
286 creatures vanquished.

Vanquished Creatures (others)
  2 orcs (D:8)
2 creatures vanquished.

Grand Total: 288 creatures vanquished

Notes
Turn   | Place    | Note
-------+----------+-------------------------------------------
     0 | D:1      | Derenoc the Troll Monk began the quest for the Orb.
     0 | D:1      | Reached XP level 1. HP: 22/22 MP: 0/0
   244 | D:1      | Reached XP level 2. HP: 27/29 MP: 1/1
   735 | D:2      | Noticed Robin
   742 | D:2      | Reached XP level 3. HP: 32/36 MP: 2/2
   747 | D:2      | Killed Robin
   748 | D:2      | Reached skill level 4 in Unarmed Combat
   850 | D:2      | Reached XP level 4. HP: 43/44 MP: 3/3
  1318 | D:3      | Noticed Grinder
  1321 | D:3      | Killed Grinder
  1322 | D:3      | Reached skill level 6 in Unarmed Combat
  1322 | D:3      | Reached XP level 5. HP: 43/50 MP: 4/4
  1322 | D:3      | Reached XP level 6. HP: 51/59 MP: 5/5
  1519 | D:3      | Found a faded altar of an unknown god.
  1524 | D:3      | Found a white marble altar of Elyvilon.
  1707 | D:3      | Found a shadowy altar of Dithmenos.
  2067 | D:4      | Reached skill level 7 in Unarmed Combat
  2081 | D:4      | Got Xatial's Parchment of the Last Scars
  2134 | D:4      | Reached XP level 7. HP: 66/66 MP: 6/6
  2222 | D:4      | Reached skill level 8 in Unarmed Combat
  2235 | D:4      | Identified the +9 dagger "Garghofy" {spect, +Blink Str+2}
  2607 | D:5      | Entered Level 5 of the Dungeon
  2675 | D:5      | Reached skill level 9 in Unarmed Combat
  2814 | D:5      | Reached XP level 8. HP: 29/74 MP: 7/7
  2910 | D:5      | Found a sacrificial altar of Ru.
  2948 | D:5      | Reached skill level 10 in Unarmed Combat
  3033 | D:5      | Reached skill level 11 in Unarmed Combat
  3066 | D:5      | Found a shimmering altar of Xom.
  3070 | D:5      | Reached XP level 9. HP: 78/80 MP: 8/8
  3411 | D:5      | Found Inemell's Weapon Shoppe.
  3492 | D:6      | Found a radiant altar of Vehumet.
  3493 | D:6      | Noticed Dowan
  3509 | D:6      | Noticed Duvessa
  3520 | D:6      | Killed Duvessa
  3524 | D:6      | Killed Dowan
  3528 | D:6      | Reached skill level 5 in Fighting
  3607 | D:6      | Found a shimmering blue altar of Sif Muna.
  3855 | D:6      | Found an opulent altar of Gozag.
  3921 | D:6      | Noticed Blork the orc
  3927 | D:6      | Killed Blork the orc
  4271 | D:7      | Found a blossoming altar of Fedhas.
  4287 | D:7      | Found Dibirah's Jewellery Boutique.
  4520 | D:7      | Found a staircase to the Ecumenical Temple.
  4543 | Temple   | Entered the Ecumenical Temple
  4596 | Temple   | Became a worshipper of the Wu Jian Council
  4596 | Temple   | Reached * piety under Wu Jian
  4596 | Temple   | Reached ** piety under Wu Jian
  4937 | D:7      | Found an ancient bone altar of Kikubaaqudgha.
  5465 | D:8      | Reached XP level 10. HP: 57/102 MP: 9/9
  5489 | D:8      | Upgraded the game from 0.29-a0-830-gcb1280458a to
                  | 0.30-a0-1-g69b7b797bf
  5551 | D:8      | Upgraded the game from 0.30-a0-1-g69b7b797bf to
                  | 0.30-a0-916-g98134172ad
  5650 | D:8      | Found a flagged portal.
  5668 | Bailey   | Entered a bailey
  5719 | Bailey   | Reached *** piety under Wu Jian
  6526 | D:8      | Identified the +1 falchion of Mofiukaeth {flame, rElec
                  | Will+ Dex+3 Stlth+}
  6714 | D:9      | Reached skill level 10 in Fighting
  6716 | D:9      | Reached **** piety under Wu Jian
  6990 | D:9      | Found a transporter.
  6993 | D:9      | Found a transporter.
  6996 | D:9      | Noticed Bnni's ghost (journeyman FoEE)
  7053 | D:9      | Found a basalt altar of Yredelemnul.
  7243 | D:9      | Killed from afar by Bnni's ghost

Illustrated notes

Levels and vault maps discovered:
D:1:      dpeg_arrival_simpleton_b, layout_basic, serial_bayou_crossing
D:2:      wander_river, layout_rooms, uniq_robin
D:3:      layout_loops_corners, nicolae_overflow_ecumenical_swirl,
          mainiacjoe_overflow_24_doors, minmay_checkerbox, uniq_grinder
D:4:      layout_gridville
D:5:      layout_basic, led_xom_imps, nicolae_ru_great_annihilating_truth,
          serial_shops, nicolae_shop_bloodbath_and_beyond
D:6:      layout_loops_ring, mainiacjoe_overflow_boulevard,
          nicolae_gozag_seed_capital, nicolae_vehumet_radiance,
          uniq_blork_the_orc, uniq_duvessa
D:7:      layout_basic, mainiacjoe_overflow_cross_hatched,
          kiku_gazebo_garden_becter, minmay_temple_entry_water_ring,
          serial_shops, shop, minmay_misc_feat_pillars
D:8:      layout_loops_ring, enter_bailey_4, serial_ice, serial_ice_d,
          serial_ice_e, serial_ice_i, serial_ice_a, hellmonk_bongcloud_opening,
          nicolae_kite_square_tiling_tiny
D:9:      layout_gridville, mainiacjoe_overflow_small_starburst,
          gammafunk_ghost_hive, hangedman_decor_diamond_cutter
Temple:   compressed_dpeg_triangle_lava_temple

Skill      XL: |  1  2  3  4  5  6  7  8  9 10 |
---------------+-------------------------------+-----
Unarmed Combat | 4 6 7 9 11 | 11.9
Fighting       | 7 10 | 10.6
Armour         | |  0.2
Dodging        | |  2.5
Stealth        | |  1.1

Action                     |  1- 3 |  4- 6 |  7- 9 | 10-12 || total
---------------------------+-------+-------+-------+-------++-------
  Melee: Unarmed           |    90 |    83 |   272 |   252 ||   697
Ability: Whirlwind         |       |       |     8 |    62 ||    70
         Lunge             |       |       |     5 |    39 ||    44
         Wall Jump         |       |       |     1 |     6 ||     7
    Use: Potion            |     3 |     4 |     7 |     2 ||    16
         Scroll            |     4 |     3 |     6 |     4 ||    17
   Stab: Sleeping          |     2 |       |       |       ||     2
         Invisible         |       |       |     1 |       ||     1
         Paralysed         |       |       |     1 |       ||     1
 Armour: Robe              |    16 |       |       |       ||    16
         Gold dragon scale |    20 |    97 |   191 |   235 ||   543
  Dodge: Dodged            |    33 |     3 |    14 |    25 ||    75

Table legend: (Time is in decaauts)
 A = Elapsed time spent in this place.
 B = Non-inter-level travel time spent in this place.
 C = Inter-level travel time spent in this place.
 D = Time resting spent in this place.
 E = Time spent auto-exploring this place.
 F = Levels seen in this place.
 G = Mean time per level.
                   A        B        C        D        E       F      G
               +--------+--------+--------+--------+--------+-----+--------+
         Total |   7178 |   6981 |    197 |     42 |   5465 |  11 |  652.5 |
       Dungeon |   6368 |   6191 |    177 |     42 |   4856 |   9 |  707.6 |
        Temple |    348 |    328 |     20 |      0 |    310 |   1 |  348.0 |
        Bailey |    461 |    461 |      0 |      0 |    299 |   1 |  461.0 |
               +--------+--------+--------+--------+--------+-----+--------+

Top non-repeatable levels by time:
     D:8: 858 daAuts
     D:5: 832 daAuts
     D:7: 796 daAuts
     D:3: 789 daAuts
     D:6: 738 daAuts
     D:1: 694 daAuts
     D:2: 557 daAuts
     D:9: 555 daAuts
     D:4: 547 daAuts
  Bailey: 461 daAuts
  Temple: 348 daAuts
